 Dungeon Crawl Stone Soup version 0.18.1-50-g88ac8fd (webtiles) character file.

49825 magog001 the Blocker (level 14, -3/285 HPs)
             Began as a Minotaur Fighter on July 10, 2017.
             Slain by a nine-headed hydra (6 damage)
             ... on level 1 of the Swamp.
             The game lasted 01:50:18 (15902 turns).

magog001 the Blocker (Minotaur Fighter)            Turns: 15902, Time: 01:50:18

Health: -3/285     AC: 27    Str: 38    XL:     14   Next: 17%
Magic:  0/23       EV:  4    Int:  5    God:
Gold:   824        SH: 17    Dex: 10    Spells: 0 memorised, 13 levels left

rFire  . . .     SeeInvis .     q - +12 war axe "Hoir" {venom, +Blink Str+3}
rCold  . . .     Gourm    .     (armour currently unavailable)
rNeg   + + +     Faith    .     B - +2 shield
rPois  +         Spirit   +     (helmet currently unavailable)
rElec  .         Dismiss  .     (cloak currently unavailable)
rCorr  .         Reflect  .     (gloves currently unavailable)
SustAt .         Harm     .     (boots currently unavailable)
MR     +....     NoTele   +     t - amulet of guardian spirit
Stlth  ..........               c - ring of magical power
                                b - +2 ring of strength

@: berserking, tree-form, very quick, somewhat resistant to hostile
enchantments, extremely unstealthy
A: (retaliatory headbutt), (horns 0), repulsion field 1, regeneration 1, strong
1
a: Evoke Blink


You were on level 1 of the Swamp.
You were not hungry.
You were a tree.
You visited 3 branches of the dungeon, and saw 15 of its levels.
You also visited: Bailey and Volcano.

You collected 1063 gold pieces.
You spent 239 gold pieces at shops.

Inventory:

Hand Weapons
 k - a +0 blowgun
 q - the +12 war axe "Hoir" (weapon) {venom, +Blink Str+3}
   (You acquired it in a bailey)

   It poisons the flesh of those it strikes.
   It affects your strength (+3).
   It lets you blink.
 N - a +0 greatsling of freezing
 V - a +0 shortbow of flaming
Missiles
 e - 22 tomahawks (quivered)
 m - 19 poisoned needles
 p - 3 needles of confusion
 x - 22 sling bullets
 G - 163 stones
 K - 2 needles of sleeping
 W - 19 arrows
Armour
 a - a +0 cloak (melded)
 h - the +2 leather armour "Sastetu" (melded) {rPois MP+9}
   (You found it on level 5 of the Dungeon)

   It protects you from poison.
   It affects your magic capacity (+9).
 o - a +1 pair of boots (melded)
 B - a +2 shield (worn)
 X - a +1 pair of gloves (melded)
Jewellery
 b - a +2 ring of strength (left branch)
 c - a ring of magical power (right branch)
 t - an amulet of guardian spirit (around neck)
Wands
 j - a wand of confusion (22/48)
 u - a wand of lightning (4/15)
 v - a wand of iceblast (0/15)
 z - a wand of slowing (20/48)
 E - a wand of disintegration (9/24)
 L - a wand of teleportation (0/9)
Scrolls
 g - a scroll of recharging
 i - a scroll of identify
 y - 2 scrolls of amnesia
 H - 5 scrolls of remove curse
 I - a scroll of blinking
 O - a scroll of fear
Potions
 l - a potion of brilliance
 w - a potion of invisibility
 A - 3 potions of agility
 D - a potion of ambrosia
 S - 2 potions of flight
 T - 2 potions of lignification
 U - a potion of haste
Miscellaneous
 r - a stone of tremors (inert)
Comestibles
 d - 6 meat rations
 f - 9 bread rations
 J - 11 royal jellies
 M - 3 beef jerkies


   Skills:
 * Level 12.7 Fighting
 * Level 12.0 Axes
 + Level 3.0 Throwing
 * Level 11.0 Armour
 * Level 12.5 Dodging
 - Level 0.6 Stealth
 * Level 13.5 Shields
 + Level 1.5 Evocations


You had 13 spell levels left.
You didn't know any spells.

Dungeon Overview and Level Annotations

Branches:
Dungeon (11/15)            Temple (0/1) D:4            Lair (3/8) D:11
  Swamp (1/4) Lair:3          Orc (0/2) D:10
  Snake: Lair:3-6    Spider: Lair:3-6

Altars:
Cheibriados
Fedhas
Gozag
Makhleb
Okawaru
Xom
Zin
The Shining One
Beogh

Shops:
D:5 ?=

Portals:
Abyss: D:8


Innate Abilities, Weirdness & Mutations

((You reflexively headbutt those who attack you in melee.))
((You have a pair of horns on your head.))
You are surrounded by a mild repulsion field (EV +2).
Your natural rate of healing is unusually fast.
Your muscles are strong. (Str +2)


Message History

* * * LOW HITPOINT WARNING * * *
The nine-headed hydra bites you.
* * * LOW HITPOINT WARNING * * *
The nine-headed hydra bites you but does no damage. x3
Drink which item? (? for menu, Esc to quit)
A red film seems to cover your vision as you go berserk!
You feel yourself moving faster!
You feel mighty!
You block the 11-headed hydra's attack. x2
The 11-headed hydra bites you but does no damage.
You block the 11-headed hydra's attack.
The 11-headed hydra completely misses you.
The 11-headed hydra barely misses you. The 11-headed hydra bites you!
* * * LOW HITPOINT WARNING * * *
The 11-headed hydra bites you but does no damage.
The 11-headed hydra bites you!
* * * LOW HITPOINT WARNING * * *
The 11-headed hydra barely misses you.
The 11-headed hydra bites you but does no damage.
The nine-headed hydra bites you!
You die...

♣)........♣♣
♣.≈≈..≈..≈♣ ♣.≈≈≈≈≈§♣♣♣
♣..≈≈≈.♣♣♣♣
♣♣.≈≈≈≈...♣♣♣♣♣♣♣
♣♣..≈≈...♣♣>≈≈.♣
♣..........≈≈.♣
♣.........≈≈..♣
♣♣≈≈≈.≈≈≈≈≈≈≈≈♣♣♣
♣..≈≈.≈≈.≈≈≈≈≈DDD.....
♣.........≈≈≈.♣.≈..≈≈≈
♣...≈≈.["≈≈≈≈.>....§§.
♣≈..≈...>.≈≈≈≈.≈≈≈...≈♣
♣♣≈.≈.≈≈..≈≈≈≈.≈≈≈≈♣♣♣♣
♣≈.≈≈≈.≈≈≈≈≈..≈..♣♣
♣♣.....♣♣.≈≈.♣♣♣♣♣
♣♣...≈♣♣.≈≈.♣


You could see a 11-headed hydra, a nine-headed hydra and a five-headed hydra.

Vanquished Creatures
  6 hydras
  An ogre mage (D:9)
  The ghost of magog001 the Shield-Bearer, a novice MiFi (Bailey)
  A salamander mystic (Volcano)
  A swamp dragon (Swamp:1)
  3 hill giants (D:11)
  3 orc knights (Bailey)
  An ugly thing (Lair:1)
  A manticore (D:11)
  A wizard (D:9)
  3 salamanders (Volcano)
  A cyclops (D:9)
  Maurice (D:9)
  2 rust devils (D:8)
  The ghost of Monsterracer the Reactionary, a novice DDAr of Pakellas (D:4)
  An orange demon (D:8)
  2 spiny frogs
  3 komodo dragons
  A tengu conjurer (D:9)
  2 kobold demonologists (Bailey)
  2 trolls
  Prince Ribbit (D:7)
  A giant leech (Swamp:1)
  2 two-headed ogres
  A slime creature (D:9)
  8 blink frogs
  A wyvern (D:8)
  6 hippogriffs
  3 hungry ghosts
  8 yaks
  2 hell hounds (D:11)
  2 water moccasins
  2 porcupines
  2 sky beasts
  A swamp drake (Swamp:1)
  5 ice beasts
  20 orc warriors
  9 ogres
  2 phantoms
  2 black bears
  An eye of draining (D:11)
  A necrophage (D:10)
  2 centaurs (D:7)
  4 crocodiles
  3 big kobolds (D:10)
  16 giant frogs
  2 gnoll sergeants (D:10)
  2 scorpions (D:9)
  A water moccasin skeleton (D:6)
  6 wights
  3 killer bees (D:11)
  5 electric eels
  6 howler monkeys
  3 crimson imps
  A giant frog zombie (D:5)
  2 quasits
  2 hounds
  9 jellies
  8 orc priests
  3 giant frog skeletons
  A gnoll shaman (D:8)
  12 iguanas
  9 iron imps (D:8)
  8 orc wizards
  5 worker ants
  5 sheep (Lair:2)
  A hound zombie (D:11)
  2 hound skeletons
  A mummy (D:9)
  A worker ant zombie (D:5)
  A howler monkey skeleton (D:7)
  16 gnolls
  10 adders
  17 river rats
  3 shadow imps
  9 oozes
  An adder skeleton (D:9)
  2 worms
  A dart slug (D:4)
  5 giant geckos
  63 orcs
  7 bats
  6 giant cockroaches
  13 goblins
  12 hobgoblins
  10 jackals
  A quokka (D:8)
  A ball python (D:2)
  4 giant newts
  A goblin skeleton (D:8)
  A goblin zombie (D:8)
  2 hobgoblin zombies (D:8)
  9 kobolds
  A kobold zombie (D:8)
  3 orc skeletons (D:8)
  A quokka zombie (D:7)
  6 rats
  A bush (Lair:1)
  A fungus (Lair:1)
  A plant (Lair:2)
450 creatures vanquished.

Vanquished Creatures (others)
  A fungus (Lair:3)
  2 plants
3 creatures vanquished.

Grand Total: 453 creatures vanquished

Notes
Turn   | Place    | Note
--------------------------------------------------------------
     0 | D:1      | magog001 the Minotaur Fighter began the quest for the Orb.
     0 | D:1      | Reached XP level 1. HP: 19/19 MP: 0/0
    63 | D:1      | Reached skill level 4 in Shields
    71 | D:1      | Reached XP level 2. HP: 18/27 MP: 1/1
   338 | D:1      | Reached XP level 3. HP: 33/33 MP: 2/2
   967 | D:2      | Reached skill level 1 in Throwing
  1091 | D:3      | Reached XP level 4. HP: 40/40 MP: 3/3
  1416 | D:3      | Found a glowing silver altar of Zin.
  2373 | D:4      | Found a blossoming altar of Fedhas.
  2400 | D:4      | Reached XP level 5. HP: 45/47 MP: 4/4
  2529 | D:4      | Reached skill level 5 in Armour
  2535 | D:4      | Noticed Monsterracer's ghost (novice DDAr)
  2536 | D:4      | Reached skill level 5 in Shields
  2536 | D:4      | Reached XP level 6. HP: 18/55 MP: 5/5
  3000 | D:4      | Killed Monsterracer's ghost
  3000 | D:4      | Reached skill level 5 in Fighting
  3000 | D:4      | Reached XP level 7. HP: 16/61 MP: 6/6
  3351 | D:4      | Found a staircase to the Ecumenical Temple.
  3806 | D:5      | Entered Level 5 of the Dungeon
  3820 | D:5      | Found a burning altar of Makhleb.
  3851 | D:5      | Got a polished leather armour
  3864 | D:5      | Found Qeniqo's Jewellery Shop.
  3888 | D:5      | Bought a +2 ring of strength for 75 gold pieces
  3909 | D:5      | Identified the +2 leather armour "Sastetu" {rPois MP+9} (You found it on level 5 of the Dungeon)
  4030 | D:5      | Found a shimmering altar of Xom.
  4104 | D:5      | Found Fuerin's Magic Scroll Emporium.
  4118 | D:5      | Bought a scroll of identify for 22 gold pieces
  4118 | D:5      | Bought a scroll of identify for 22 gold pieces
  4118 | D:5      | Bought a scroll of magic mapping for 38 gold pieces
  4324 | D:6      | Reached skill level 5 in Axes
  4533 | D:6      | Reached XP level 8. HP: 70/70 MP: 7/7
  4634 | D:6      | Reached skill level 1 in Dodging
  4634 | D:6      | Reached skill level 6 in Shields
  4828 | D:7      | Noticed Prince Ribbit
  4840 | D:7      | Killed Prince Ribbit
  4870 | D:7      | Reached skill level 7 in Shields
  5183 | D:5      | Bought a scroll of enchant armour for 82 gold pieces
  5221 | D:5      | Found an iron altar of Okawaru.
  5593 | D:7      | Reached XP level 9. HP: 68/79 MP: 8/8
  6046 | D:8      | Reached skill level 8 in Shields
  6047 | D:8      | Reached skill level 5 in Dodging
  6171 | D:8      | Noticed a rust devil
  6175 | D:8      | Found a one-way gate to the infinite horrors of the Abyss.
  6175 | D:8      | Noticed an orange demon
  6178 | D:8      | Noticed a rust devil
  6291 | D:8      | Found a glowing golden altar of the Shining One.
  6491 | D:8      | Reached skill level 9 in Shields
  6981 | D:7      | Noticed a troll
  6987 | D:7      | Killed a troll
  7780 | D:8      | Killed an orange demon
  7780 | D:8      | Reached XP level 10. HP: 90/90 MP: 9/9
  7900 | D:8      | Killed a rust devil
  7901 | D:8      | Killed a rust devil
  8040 | D:9      | Found a snail-covered altar of Cheibriados.
  8209 | D:9      | Noticed Maurice
  8210 | D:9      | Found a flagged portal.
  8222 | D:9      | Killed Maurice
  8222 | D:9      | Reached skill level 10 in Shields
  8232 | Bailey   | Entered a bailey
  8355 | Bailey   | Noticed an orc knight
  8356 | Bailey   | Found an iron altar of Okawaru.
  8357 | Bailey   | Noticed a smoke demon
  8375 | Bailey   | Killed an orc knight
  8394 | Bailey   | Noticed magog001's ghost (novice MiFi)
  8414 | Bailey   | Killed magog001's ghost
  8436 | Bailey   | Noticed a rust devil
  8733 | Bailey   | Got a smoking trident
  9003 | Bailey   | Identified the +2 trident "Hudweruh" {holy, rElec} (You found it in a bailey)
  9069 | Bailey   | Noticed an orc knight
  9086 | Bailey   | Killed an orc knight
  9086 | Bailey   | Reached skill level 10 in Fighting
  9086 | Bailey   | Reached XP level 11. HP: 28/99 MP: 7/10
  9368 | Bailey   | Got an iridescent war axe
  9369 | Bailey   | Identified the +12 war axe "Hoir" {venom, +Blink Str+3} (You acquired it in a bailey)
  9456 | Bailey   | Noticed an orc knight
  9476 | Bailey   | Killed an orc knight
 10277 | D:9      | Reached skill level 11 in Shields
 10289 | D:9      | Noticed a wizard
 10299 | D:9      | Killed a wizard
 10299 | D:9      | Reached skill level 1 in Evocations
 10325 | D:9      | Noticed an ogre mage
 10328 | D:9      | Killed an ogre mage
 10611 | D:9      | Found a roughly hewn altar of Beogh.
 10628 | D:9      | Reached skill level 10 in Dodging
 10928 | D:9      | Found an opulent altar of Gozag.
 11051 | D:10     | Entered Level 10 of the Dungeon
 11391 | D:10     | Found a staircase to the Orcish Mines.
 11819 | D:10     | Gained mutation: Your natural rate of healing is unusually fast. [potion of mutation]
 11819 | D:10     | Gained mutation: You are surrounded by a mild repulsion field (EV +2). [potion of mutation]
 11819 | D:10     | Gained mutation: Your muscles are strong. (Str +2) [potion of mutation]
 12206 | D:11     | Noticed a hill giant
 12215 | D:11     | Killed a hill giant
 12215 | D:11     | Reached XP level 12. HP: 105/108 MP: 12/12
 12283 | D:11     | Found a staircase to the Lair.
 12767 | D:11     | Reached skill level 10 in Axes
 13090 | D:11     | Reached skill level 12 in Shields
 13259 | Lair:1   | Entered Level 1 of the Lair of Beasts
 13266 | Lair:1   | Noticed an eight-headed hydra
 13271 | Lair:1   | Noticed a seven-headed hydra
 13275 | Lair:1   | Killed a 12-headed hydra
 13281 | Lair:1   | Killed an 11-headed hydra
 13392 | Lair:1   | Noticed a four-headed hydra
 13410 | Lair:1   | Killed a nine-headed hydra
 13504 | Lair:1   | Found a labyrinth entrance.
 14588 | Lair:3   | Found a staircase to the Swamp.
 14654 | Lair:3   | Noticed a five-headed hydra
 14666 | Lair:3   | Killed an 11-headed hydra
 14921 | Lair:3   | Found a dark tunnel.
 14930 | Volcano  | Entered a volcano
 14961 | Volcano  | Reached skill level 13 in Shields
 14967 | Volcano  | Reached XP level 13. HP: 118/118 MP: 13/13
 15184 | Lair:3   | Got a crude ring mail
 15218 | Lair:3   | Identified the +4 ring mail of Twilight {SInv} (You found it on level 3 of the Lair of Beasts)
 15581 | Lair:3   | Reached skill level 10 in Armour
 15581 | Lair:3   | Reached XP level 14. HP: 127/127 MP: 14/14
 15720 | Swamp:1  | Entered Level 1 of the Swamp
 15902 | Swamp:1  | HP: 11/285 [11-headed hydra (8)]
 15902 | Swamp:1  | HP: 3/285 [11-headed hydra (8)]
 15902 | Swamp:1  | Slain by a nine-headed hydra

Skill      XL: |  1  2  3  4  5  6  7  8  9 10 11 12 13 14 |
---------------+-------------------------------------------+-----
Shields        | 4 5 7 9 10 11 13 | 13.5
Armour         | 4 5 6 7 8 9 10 11 | 11.0
Fighting       | 4 5 6 7 8 10 12 | 12.7
Throwing       | 1 2 3 |  3.0
Axes           | 3 4 5 6 8 9 11 12 | 12.0
Dodging        | 4 7 9 10 12 | 12.5
Evocations     | 1 |  1.5
Stealth        | |  0.6

Action                   |  1- 3 |  4- 6 |  7- 9 | 10-12 | 13-15 || total
-------------------------+-------+-------+-------+-------+-------++-------
Melee: War axe           |    96 |    93 |   275 |   592 |    48 ||  1104
       Headbutt          |    11 |    17 |    68 |   157 |    19 ||   272
       Short sword       |       |       |       |     8 |       ||     8
 Fire: Blowgun           |       |    15 |       |       |       ||    15
       Greatsling        |       |       |    37 |    84 |       ||   121
Throw: Tomahawk          |       |       |       |     9 |     5 ||    14
Evoke: Wand              |       |       |       |    14 |     7 ||    21
       Stone of tremors  |       |       |       |       |     1 ||     1
  Use: Scroll            |     3 |     4 |     4 |    16 |     7 ||    34
       Potion            |       |     5 |       |     9 |     4 ||    18
 Stab: Sleeping          |       |       |     4 |     2 |       ||     6
  Eat: Chunk             |     1 |     4 |     3 |    22 |     1 ||    31
       Bread ration      |       |     1 |       |       |       ||     1
       Beef jerky        |       |       |     1 |       |     2 ||     3
       Meat ration       |       |       |     2 |       |       ||     2
       Pizza             |       |       |       |     1 |       ||     1
Armor: Scale mail        |    23 |    45 |    19 |       |     2 ||    89
       Ring mail         |    23 |       |       |       |       ||    23
       Leather armour    |       |       |    47 |    84 |    23 ||   154
       Skin              |       |       |       |    12 |    13 ||    25
Dodge: Dodged            |    36 |    24 |   101 |   324 |    66 ||   551
Block: Shield            |    54 |    50 |   161 |   458 |    82 ||   805
